 Dungeon Crawl Stone Soup version 0.19-a0-607-g42021f0 (webtiles) character file.

442 pk666 the Ruffian (level 6, -5/62 HPs)
             Began as a Troll Monk on June 12, 2016.
             Slain by a gnoll
             ... wielding a +1 spear of venom
              (9 damage)
             ... on level 3 of the Dungeon.
             The game lasted 00:04:39 (2075 turns).

pk666 the Ruffian (Troll Monk)                      Turns: 2075, Time: 00:04:40

Health: -5/62      AC:  5    Str: 22    XL:     6   Next: 71%
Magic:  5/5        EV: 11    Int:  6    God:
Gold:   118        SH:  0    Dex: 12    Spells: 0 memorised, 5 levels left

rFire  . . .     SeeInvis .       - Unarmed
rCold  . . .     Gourm    +     a - +0 robe
rNeg   . . .     Faith    .     (no shield)
rPois  .         Spirit   .     (helmet restricted)
rElec  .         Dismiss  .     (no cloak)
rCorr  .         Reflect  .     (gloves unavailable)
SustAt .         Harm     .     (boots unavailable)
MR     .....                    (no amulet)
Stlth  +.........               (no ring)
                                (no ring)

@: not resistant to hostile enchantments, very unstealthy
A: unfitting armour, claws 3, fast metabolism 3, gourmand, regeneration 2,
shaggy fur 1, tough skin 2
a: no special abilities


You were on level 3 of the Dungeon.
You were very full.

You visited 1 branch of the dungeon, and saw 3 of its levels.

You collected 118 gold pieces.

Inventory:

Armour
 a - a +0 robe (worn)
Jewellery
 t - an uncursed ring of ice {unknown}
Scrolls
 c - 2 scrolls of enchant armour {unknown}
 h - 2 scrolls of remove curse {unknown}
 i - 2 scrolls of teleportation {unknown}
 l - a scroll of noise {unknown}
 o - a scroll of identify {unknown}
 r - a scroll of enchant weapon {unknown}
Potions
 d - a potion of degeneration {unknown}
 e - a potion of brilliance {unknown}
 f - a potion of flight {unknown}
 g - a potion of berserk rage {unknown}
 k - 2 potions of haste {unknown}
 m - a potion of cure mutation {unknown}
 n - 2 potions of curing {unknown}
 p - a potion of heal wounds {unknown}
Books
 s - a book of Battle

   Spells                             Type                      Level
   a - Infusion                       Charms                       1
   b - Shroud of Golubria             Charms/Translocation         2
   c - Song of Slaying                Charms                       2
   d - Spectral Weapon                Hexes/Charms                 3
   e - Regeneration                   Charms/Necromancy            3
Comestibles
 b - 2 bread rations
 j - a slice of pizza
 q - 10 chunks of flesh


   Skills:
 + Level 4.0 Fighting
 + Level 4.1 Dodging
 - Level 1.1 Stealth
 + Level 5.8 Unarmed Combat


You had 5 spell levels left.
You didn't know any spells.

Dungeon Overview and Level Annotations

Branches:
Dungeon (3/15)

Altars:

Annotations:
D:3 Grinder


Innate Abilities, Weirdness & Mutations

You are too large for most types of armour.
You have claws for hands.
Your metabolism is lightning-fast.
You like to eat raw meat.
You heal very quickly.
You are covered in fur. (AC +1)
You have very tough skin. (AC +2)


Message History

You scratch the gnoll.
The gnoll is lightly wounded.
The gnoll closely misses you. The gnoll hits you with a club!
* * * LOW HITPOINT WARNING * * *
You closely miss the gnoll.
The gnoll is lightly wounded.
The gnoll misses you.
You barely miss the gnoll.
The gnoll is lightly wounded.
The gnoll barely misses you.
You claw the gnoll!
You kill the gnoll!
The gnoll hits you from afar with a spear of venom.
* * * LOW HITPOINT WARNING * * *
The gnoll hits you.
* * * LOW HITPOINT WARNING * * *
You scratch the gnoll but do no damage.
The gnoll is almost dead.
The gnoll hits you from afar with a spear of venom!
You die... ############### #......g@'....#+# ######g###....#.# 5gg

#..(.#.# ..... ##'###.#
....... #......# .......
#...)..#
#######################.#
?....#.(..#...........#.#
....)').).)...)....)..'.#


You could see Grinder and 3 gnolls.

Vanquished Creatures
  An ogre (D:3)
  4 gnoll shamans (D:3)
  18 gnolls (D:3)
  2 adders (D:2)
  3 dart slugs
  A ball python (D:1)
  6 bats
  2 giant cockroaches
  5 goblins
  2 hobgoblins
  4 jackals (D:3)
  5 kobolds
  5 giant newts
  4 rats
62 creatures vanquished.

Notes
Turn   | Place    | Note
--------------------------------------------------------------
     0 | D:1      | pk666 the Troll Monk began the quest for the Orb.
     0 | D:1      | Reached XP level 1. HP: 22/22 MP: 0/0
   337 | D:1      | Reached XP level 2. HP: 29/29 MP: 1/1
  1148 | D:2      | Reached XP level 3. HP: 36/36 MP: 2/2
  1792 | D:3      | Found a faded altar of an unknown god.
  1807 | D:3      | Reached XP level 4. HP: 44/45 MP: 3/3
  1873 | D:3      | Reached skill level 5 in Unarmed Combat
  1879 | D:3      | Reached XP level 5. HP: 44/53 MP: 4/4
  2043 | D:3      | Noticed an ogre
  2055 | D:3      | Killed an ogre
  2055 | D:3      | Reached XP level 6. HP: 25/62 MP: 5/5
  2062 | D:3      | Noticed Grinder
  2075 | D:3      | Slain by a gnoll

Vault maps used:
D:1:      scummos_arrival_star
D:2:      minmay_misc_feat_x
D:3:      lemuel_castle_with_subvaults, nemelex_xobeh_ov_fountains_minmay,
          ecumenical_altar_2, uniq_grinder

Skill      XL: |  1  2  3  4  5  6 |
---------------+-------------------+-----
Dodging        | 3 4 |  4.1
Fighting       | 3 4 |  4.0
Unarmed Combat | 5 |  5.8
Stealth        | |  1.1

Action                   |  1- 3 |  4- 6 || total
-------------------------+-------+-------++-------
Melee: Unarmed           |    82 |    71 ||   153
       Punch             |     1 |     1 ||     2
 Stab: Sleeping          |     2 |       ||     2
  Eat: Chunk             |    18 |     6 ||    24
Armor: Robe              |    21 |    13 ||    34
Dodge: Dodged            |    28 |    37 ||    65
